 Dungeon Crawl Stone Soup version 0.31-a0-841-g038b102fc3 (webtiles) character file.

Game seed: 11960708795989398172

2 randomguy2701 the Gusty (level 1, 0/13 HPs)
             Began as a Gnoll Wanderer on Sept 27, 2023.
             Slain by a quokka (2 damage)
             ... on level 1 of the Dungeon.
             The game lasted 00:00:20 (38 turns).

randomguy2701 the Gusty (Gnoll Wanderer)              Turns: 38, Time: 00:00:20

Health: 0/13       AC:  4    Str: 10    XL:     1   Next: 30%
Magic:  1/4        EV: 13    Int:  9    God:
Gold:   0          SH:  0    Dex: 14    Spells: 4/5 levels left

rFire   . . .        a - +0 dagger
rCold   . . .        (no shield)
rNeg    . . .        c - +0 leather armour
rPois   .            (no helmet)
rElec   .            d - +0 cloak
rCorr   .            (no gloves)
SInv    .            (no boots)
Will    .....        (no amulet)
Stlth   ++           (no ring)
HPRegen 0.22/turn    (no ring)
MPRegen 0.09/turn

%: no passive effects
@: no status effects
A: fangs 1, strong nose, distributed training
a: no special abilities


You were on level 1 of the Dungeon.
You visited 1 branch of the dungeon, and saw 1 of its levels.

Inventory:

Hand Weapons
 a - a +0 dagger (weapon)
Armour
 c - a +0 leather armour (worn)
 d - a +0 cloak (worn)
Potions
 b - a potion of lignification


   Skills:
 + Level 0.0 Fighting
 + Level 0.0 Short Blades
 + Level 0.0 Long Blades
 + Level 0.0 Axes
 + Level 0.0 Maces & Flails
 + Level 0.0 Polearms
 + Level 0.0 Staves
 + Level 0.0 Ranged Weapons
 + Level 0.0 Throwing
 + Level 0.0 Armour
 + Level 4.4 Dodging
 + Level 4.0 Stealth
 + Level 0.0 Shields
 + Level 0.0 Unarmed Combat
 + Level 2.6 Spellcasting
 + Level 0.0 Conjurations
 + Level 0.0 Hexes
 + Level 0.0 Summonings
 + Level 1.9 Necromancy
 + Level 0.0 Translocations
 + Level 0.0 Transmutations
 + Level 0.0 Fire Magic
 + Level 0.0 Ice Magic
 + Level 5.3 Air Magic
 + Level 0.0 Earth Magic
 + Level 0.0 Poison Magic
 + Level 2.4 Invocations
 + Level 0.0 Evocations
 + Level 0.0 Shapeshifting


You had 4 spell levels left.
You knew the following spells:

 Your Spells              Type           Power      Damage    Failure   Level
a - Shock                 Conj/Air       24%        1d4       14%         1

Your spell library contained the following spells:

 Spells                   Type           Power      Damage    Failure   Level
 Poisonous Vapours        Pois/Air       12%        N/A       22%         2
 Cigotuvi's Dreadful Rot  Necr/Pois/Air  10%        N/A       24%         2
 Sublimation of Blood     Necr           4%         N/A       28%         2
 Mephitic Cloud           Conj/Pois/Air  4%         N/A       52%         3


Dungeon Overview and Level Annotations

Branches:
Dungeon (1/15)

Altars:


Innate Abilities, Weirdness & Mutations

You have very sharp teeth.
Your uncanny sense of smell can sniff out nearby items.
Your experience applies equally to all skills.


Message History

The quokka bites you but does no damage.
Your magical contamination has completely faded away.
You closely miss the quokka.
The quokka bites you but does no damage.
You closely miss the quokka. Your bite misses the quokka.
The quokka completely misses you.
You closely miss the quokka. The quokka bites you.
* * * LOW HITPOINT WARNING * * *
You hit the quokka but do no damage. The quokka barely misses you.
You miss the quokka. The quokka misses you.
The quokka bites you but does no damage.
You hit the quokka but do no damage.
The quokka bites you but does no damage.
An endoplasm comes into view.
You barely miss the quokka. The quokka closely misses you.
The endoplasm quivers.
You hit the quokka but do no damage. The quokka bites you.
* * * LOW HITPOINT WARNING * * *
Unknown command.
Casting: Shock (safe; 14% risk of failure)
Confirm with . or Enter, or press ? or * to list all spells.
Aiming: Shock (safe; 14% risk of failure)
Press: ? - help, Shift-Dir - straight line, f - quokka
Aim: a quokka (51% to hit)
The zap hits the quokka.
The quokka is lightly wounded.
The zap hits the goblin.
The goblin is moderately wounded.
The quokka misses you.
Unknown command.
You hit the quokka but do no damage.
The quokka is lightly wounded.
The quokka barely misses you. The quokka closely misses you.
You closely miss the quokka.
The quokka is lightly wounded.
The quokka bites you but does no damage.
You hit the quokka but do no damage.
The quokka is lightly wounded.
The quokka bites you.
You die...

...........♣ #.# ##.#
...........# #.#
#....... ..####'##..♣
#.#.........
#.....#..#♣#.#.........
#..<..#...♣....#..g....
+....P#..#..>#.#.......
#.....#...#♣...........
#.....#..###.###.......
#######..# #..@rg......
....♣ #.########..
...... #.# #.~♣♣#♣ #.#
.## #.# #.# ... ..


You could see a quokka and a goblin.

Vanquished Creatures
  2 ball pythons (D:1)
2 creatures vanquished.

Notes
Turn   | Place    | Note
-------+----------+-------------------------------------------
     0 | D:1      | randomguy2701 the Gnoll Wanderer began the quest for the
                  | Orb.
     0 | D:1      | randomguy2701 set off with the following items: a +0
                  | dagger, a potion of lignification, a +0 leather armour, a
                  | +0 cloak; and the following spell memorised: Shock; and the
                  | following spells available to memorise: Poisonous Vapours,
                  | Cigotuvi's Dreadful Rot, Sublimation of Blood, Mephitic
                  | Cloud.
     0 | D:1      | Reached XP level 1. HP: 13/13 MP: 4/4
    38 | D:1      | Slain by a quokka

Illustrated notes

Levels and vault maps discovered:
D:1:      saegor_arrival_under_anarchy, layout_basic

Action                     || total
---------------------------++-------
  Melee: Dagger            ||    16
   Cast: Shock             ||     4
 Armour: Leather armour    ||    15
  Dodge: Dodged            ||     9

Table legend: (Time is in decaauts)
 A = Elapsed time spent in this place.
 B = Non-inter-level travel time spent in this place.
 C = Inter-level travel time spent in this place.
 D = Time resting spent in this place.
 E = Time spent auto-exploring this place.
 F = Levels seen in this place.
 G = Mean time per level.
                   A        B        C        D        E       F      G
               +--------+--------+--------+--------+--------+-----+--------+
         Total |     38 |     38 |      0 |      0 |     14 |   1 |   38.0 |
       Dungeon |     38 |     38 |      0 |      0 |     14 |   1 |   38.0 |
               +--------+--------+--------+--------+--------+-----+--------+

Top non-repeatable levels by time:
     D:1: 38 daAuts
